 Dungeon Sprint DCSS version 0.27-a0-597-g524d869a0f (webtiles) character file.

Game seed: 12192716291817004502

42 rocky1 the Sneak (level 3, 0/28 HPs)
             Began as a Naga Enchanter on Mar 12, 2021.
             Was a Believer of Cheibriados.
             Slain by a phantom (8 damage)
             ... in the Dungeon (Sprint VII: "The Pits").
             The game lasted 00:01:44 (450 turns).

rocky1 the Sneak (Naga Enchanter)                    Turns: 450, Time: 00:01:45

Health: 0/28       AC:  2    Str: 14    XL:     3   Next: 56%
Magic:  6/7        EV: 10    Int: 20    God:    Cheibriados [**....]
Gold:   0          SH:  0    Dex: 15    Spells: 7/8 levels left

rFire    . . .     SeeInvis +   l - +2 falchion
rCold    . . .     Faith    .   (no shield)
rNeg     . . .     Spirit   .   b - +0 robe
rPois    +         Reflect  .   (no helmet)
rElec    .         Harm     .   (no cloak)
rCorr    .         Rampage  .   (no gloves)
Will     .....     NoTele   +   (no barding)
Stlth    +++.......             (no amulet)
HPRegen  0.09/turn              (no ring)
MPRegen  0.10/turn              (no ring)

@: very slow
A: large, see invisible, deformed body, poison resistance, slowness 2, spit
poison 1, naga tail 1, AC +1
a: Spit Poison, Renounce Religion, Bend Time


You were in the Dungeon.
You worshipped Cheibriados.
Cheibriados was pleased with you.
You visited 1 branch

Inventory:

Hand Weapons
 a - a +1 dagger
 l - a +2 falchion (weapon)
Armour
 b - a +0 robe (worn)
Scrolls
 i - a scroll of blinking
 j - 5 scrolls of amnesia
 k - a scroll of summoning
Potions
 c - 2 potions of invisibility
 d - a potion of curing
 f - a potion of haste
 g - 4 potions of magic
 h - 3 potions of berserk rage


   Skills:
 + Level 3.0 Short Blades
 + Level 2.9 Dodging
 + Level 6.4 Stealth
 + Level 3.3 Spellcasting
 + Level 4.2 Hexes


You had 7 spell levels left.
You knew the following spells:

 Your Spells              Type           Power      Damage    Failure   Level
a - Corona                Hex            22%        N/A       2%          1

Your spell library contained the following spells:

 Spells                   Type           Power      Damage    Failure   Level
 Confusing Touch          Hex            20%        N/A       8%          3
 Tukima's Dance           Hex            20%        N/A       8%          3
 Ensorcelled Hibernation  Hex/Ice        22%        N/A       9%          2
 Dazzling Flash           Conj/Hex       22%        N/A       17%         3


Dungeon Overview and Level Annotations

Branches:
Dungeon (1/1)

Altars:
Ashenzari
Cheibriados
Dithmenos
Elyvilon
Fedhas
Gozag
Hepliaklqana
Kikubaaqudgha
Makhleb
Nemelex Xobeh
Okawaru
Qazlal
Ru
Sif Muna
Trog
Uskayaw
Vehumet
Wu Jian
Xom
Yredelemnul
Zin
The Shining One
Beogh
Jiyva
Lugonu


Innate Abilities, Weirdness & Mutations

Your serpentine skin is tough. (AC +1)
You have supernaturally acute eyesight. (SInv)
Armour fits poorly on your strangely shaped body.
Your system is resistant to poisons. (rPois)
You cover ground very slowly.
You can spit poison.
You have a snake-like lower body.


Message History

You feel much better. The phantom barely misses you.
Unknown command.
You hit the phantom but do no damage.
The phantom is moderately damaged.
The phantom hits you.
You barely miss the phantom.
The phantom is moderately damaged.
The phantom closely misses you.
Casting: Corona (safe; 2% risk of failure)
Confirm with . or Enter, or press ? or * to list all spells.
Aiming: Corona (safe; 2% risk of failure)
Press: ? - help, Shift-Dir - straight line, f - phantom
Aim: a phantom (moderately damaged, chance to affect: 41%)
You miscast Corona.
You are very lightly contaminated with residual magic.
Nothing appears to happen.
The phantom barely misses you.
You riposte.
You closely miss the phantom.
The phantom is moderately damaged.
You slash the phantom!
The phantom is heavily damaged.
The phantom hits you.
The phantom hits you but does no damage.
You hit the phantom.
The phantom is severely damaged.
The phantom hits you.
You closely miss the phantom.
The phantom is severely damaged.
The phantom closely misses you.
You hit the phantom but do no damage.
The phantom is severely damaged.
The phantom hits you!
* * * LOW HITPOINT WARNING * * *
You hit the phantom but do no damage.
The phantom is severely damaged.
The phantom hits you but does no damage.
Your magical contamination has completely faded away.
You closely miss the phantom.
The phantom is severely damaged.
The phantom barely misses you. The phantom hits you!
You die...

#_______...###########++
##########'##...........
#.?(.')))'.##......#..#.
##########.##...........
#...........'...........
#+#####'#####......#..#.
#. #...'.##...........
#..#...#.#####'#####++
#..#####@##.......#
#..'...#W##.......#
#..'.r.'r##.......#
#..########...<...# #r
#.......# # #.......#
#.......# #########


You could see a phantom and a rat.

Vanquished Creatures
  A worker ant (D)
  A river rat (D)
  An ooze (D)
  A leopard gecko (D)
  A bat (D)
  A giant cockroach (D)
6 creatures vanquished.

Notes
Turn   | Place    | Note
-------+----------+-------------------------------------------
     0 | D        | rocky1 the Naga Enchanter began the quest for the Orb.
     0 | D        | Reached XP level 1. HP: 15/15 MP: 3/3
    11 | D        | Noticed a worker ant
    16 | D        | Killed a worker ant
    17 | D        | Reached skill level 5 in Stealth
    17 | D        | Reached XP level 2. HP: 5/22 MP: 3/5
   249 | D        | Found a bloodstained altar of Trog.
   249 | D        | Found a shimmering blue altar of Sif Muna.
   249 | D        | Found a viscous altar of Jiyva.
   249 | D        | Found a hazy altar of Hepliaklqana.
   249 | D        | Found an opulent altar of Gozag.
   250 | D        | Found a glowing golden altar of the Shining One.
   250 | D        | Found a glowing silver altar of Zin.
   250 | D        | Found a basalt altar of Yredelemnul.
   250 | D        | Found a shimmering altar of Xom.
   250 | D        | Found an ornate altar of the Wu Jian Council.
   250 | D        | Found a sacrificial altar of Ru.
   250 | D        | Found a stormy altar of Qazlal.
   250 | D        | Found an iron altar of Okawaru.
   250 | D        | Found a sparkling altar of Nemelex Xobeh.
   250 | D        | Found a burning altar of Makhleb.
   250 | D        | Found a blossoming altar of Fedhas.
   250 | D        | Found a white marble altar of Elyvilon.
   250 | D        | Found a shadowy altar of Dithmenos.
   250 | D        | Found a snail-covered altar of Cheibriados.
   252 | D        | Found a radiant altar of Vehumet.
   252 | D        | Found a corrupted altar of Lugonu.
   253 | D        | Found a hide-covered altar of Uskayaw.
   253 | D        | Found an ancient bone altar of Kikubaaqudgha.
   253 | D        | Found a broken altar of Ashenzari.
   263 | D        | Became a worshipper of Cheibriados the Contemplative
   306 | D        | Reached XP level 3. HP: 28/28 MP: 5/7
   307 | D        | Reached * piety under Cheibriados
   308 | D        | Reached skill level 6 in Stealth
   321 | D        | Reached ** piety under Cheibriados
   424 | D        | Noticed a phantom
   450 | D        | Slain by a phantom

Illustrated notes

Levels and vault maps discovered:
D:        pitsprint [storerooms_1, entrance_room_1, metal_vault_7, armoury_2,
          mini_pit_1, grid_room_1, main_hall_1, silver_pit, the_coven_1,
          the_vestibule_1, steel_vault_5, golden_pit, hallway_of_sentries,
          crystal_vault_3, iron_vault_2, final_vault]

Skill      XL: |  1  2  3 |
---------------+----------+-----
Short Blades   | 2 3 |  3.0
Dodging        | 2 |  2.9
Stealth        | 5 6 |  6.4
Spellcasting   | 3 |  3.3
Hexes          | 4 |  4.2

Action                   || total
-------------------------++-------
Melee: Dagger            ||     7
       Falchion          ||    18
 Abil: Spit Poison       ||     1
  Use: Potion            ||     1
 Stab: Sleeping          ||     5
Armor: Robe              ||     3
Dodge: Dodged            ||    11
       Rpst.: Falchion   ||     1

Table legend: (Time is in decaauts)
 A = Elapsed time spent in this place.
 B = Non-inter-level travel time spent in this place.
 C = Inter-level travel time spent in this place.
 D = Time resting spent in this place.
 E = Time spent auto-exploring this place.
 F = Levels seen in this place.
 G = Mean time per level.
                   A        B        C        D        E       F      G
               +--------+--------+--------+--------+--------+-----+--------+
         Total |    506 |    506 |      0 |    329 |      0 |   1 |  506.0 |
       Dungeon |    506 |    506 |      0 |    329 |      0 |   1 |  506.0 |
               +--------+--------+--------+--------+--------+-----+--------+

Top non-repeatable levels by time:
       D: 506 daAuts
